Construct Section Command Post
Construct Platoon Command Post
Unlock Bishop Self-propelled Artillery
Selects Indian Artillery Battlegroup
Bishop Self-propelled Artillery
Bishop Self-propelled Artillery
Selects Artillery Saturation
Selects Gurkha Rifles Section
Selects Gurkha Rifles Section
Bishop Self-propelled Artillery
Construct Company Command Post
Selects Off-map Airburst Barrage
Selects Volunteer Infantry
Bishop Self-propelled Artillery